 Dungeon Crawl Stone Soup version 0.20.1-1-g8b1a95d (webtiles) character file.

310 Irenicus the Insei (level 6, -2/63 HPs)
             Began as an Octopode Chaos Knight on Oct 13, 2017.
             Killed from afar by an orc wizard (9 damage)
             ... with a puff of frost
             ... on level 5 of the Dungeon.
             The game lasted 00:06:26 (2955 turns).

Irenicus the Insei (Octopode Chaos Knight)          Turns: 2955, Time: 00:06:27

Health: -2/63      AC: 23    Str: 11    XL:     6   Next: 41%
Magic:  6/6        EV:  2    Int: 12    God:    Xom [*.....]
Gold:   146        SH:  0    Dex: 14    Spells: 5/5 levels left

rFire    . . .     SeeInvis .     - Unarmed
rCold    . . .     Gourm    .   (no shield)
rNeg     + + +     Faith    .   (helmet currently unavailable)
rPois    +         Spirit   .   (no amulet)
rElec    .         Reflect  .   f - +3 ring of slaying
rCorr    .         Harm     .   (no ring)
MR       .....     Clarity  +   (no ring) Stlth +.........NoTele +
                                (no ring)
Regen    0.2/turn               (no ring)
MPRegen  0.1/turn               (no ring)
                                (no ring)
                                (no ring)

@: tree-form, hasted, very quick
A: almost no armour, stealthy swim, (amphibious), 8 rings, (constrict 8),
repulsion field 1, clarity, dopey 1, high mp 1, screaming 1
a: Renounce Religion


You were on level 5 of the Dungeon.
You worshipped Xom.
You were a special plaything of Xom.
You were hungry.
You were a tree.
You visited 1 branch of the dungeon, and saw 5 of its levels.

You collected 146 gold pieces.

Inventory:

Armour
 m - a +0 hat (melded)
Jewellery
 f - a +3 ring of slaying (left branch)
Wands
 q - a wand of random effects (18/48)
Scrolls
 b - a scroll of teleportation {unknown}
 e - 2 scrolls of immolation {unknown}
 g - 4 scrolls of identify {unknown}
 k - a scroll of noise {unknown}
 l - a scroll of enchant armour {unknown}
 n - a scroll of remove curse {unknown}
Potions
 c - 3 potions of curing
 i - a potion of flight {unknown}
 j - a potion of lignification
Comestibles
 a - 2 bread rations
 d - a royal jelly
 o - a meat ration
 p - 4 fruits


   Skills:
 - Level 3.0 Fighting
 - Level 2.3 Dodging
 + Level 7.0 Unarmed Combat


You had 5 spell levels left.
You didn't know any spells.

Dungeon Overview and Level Annotations

Branches:
Dungeon (5/15)             Temple (0/1) D:4

Altars:
Cheibriados
Elyvilon
Qazlal
The Shining One

Annotations:
D:3 1 runed door, Irenicus's ghost, amateur OpCK
D:4 Edmund


Innate Abilities, Weirdness & Mutations

You cannot wear most types of armour.
You are very stealthy in the water. (Stealth+)
((You are amphibious.))
You can wear up to eight rings at the same time.
((You can use your tentacles to constrict eight enemies at once.))
((Your skin changes colour to match your surroundings (Stealth+).))
((Your rubbery body absorbs attacks. (AC +1, EV +1)))
You are surrounded by a mild repulsion field. (EV +2)
You possess an exceptional clarity of mind.
You are dopey. (Int -2)
You have an increased reservoir of magic. (+10% MP)
You occasionally shout uncontrollably at your foes.


Message History

Your thoughts seem clearer.
The worker ant bites you but does no damage.
The orc wizard hits you but does no damage.
The orc hits you but does no damage. x2
It was a potion of haste.
You feel yourself speed up.
The worker ant bites you but does no damage.
The orc wizard hits you but does no damage.
The orc hits you but does no damage. x2; The ogre completely misses you.
The worker ant bites you but does no damage.
You barely miss the ogre. "Heh heh heh..."
The orc looks rather confused.
The worker ant looks rather confused.
The orc looks rather confused. x3; The ogre looks rather confused.
You strike the helpless ogre from behind!
You smack the ogre!
The ogre is moderately wounded.
The orc wizard casts a spell at you. The puff of frost hits you!
You die...
Xom giggles madly!

#.# .!....# #.#
....... # #<#
......# ##
#.##.###.#.#.##
.#
#........!.....
.#
####...........
.# ###.).....##
.# ##a........
<# o#
#o♣O......# .#
o# #o#oo...#..
.# o# #o##...##
. .# #.# #o
#.## .# .. # #?
.# .# .#.# #.
.# .###...####
#. >.
........... ..
####o######


You could see an ogre (confused), a worker ant (confused), an orc wizard and 5
orcs.

Vanquished Creatures
  2 orc priests
  An orc wizard (D:5)
  A gnoll (D:2)
  7 adders
  An ooze (D:3)
  2 worms
  2 dart slugs (D:1)
  2 leopard geckos
  6 orcs
  2 giant cockroaches
  3 goblins (D:3)
  9 hobgoblins
  2 quokkas (D:2)
  8 bats
  6 frilled lizards
  A jackal zombie (D:5)
  2 kobolds
  6 rats
63 creatures vanquished.

Vanquished Creatures (collateral kills)
  An ogre (D:3)
  An orc (D:3)
2 creatures vanquished.

Grand Total: 65 creatures vanquished

Notes
Turn   | Place    | Note
-------+----------+-------------------------------------------
     0 | D:1      | Irenicus the Octopode Chaos Knight began the quest for the Orb.
     0 | D:1      | Reached XP level 1. HP: 16/16 MP: 1/1
    33 | D:1      | XOM: butterfly on damage
   117 | D:1      | XOM: divination: magic mapping
   196 | D:1      | Reached XP level 2. HP: 21/21 MP: 2/2
   279 | D:1      | XOM: harmless Conj miscast
   568 | D:1      | Reached skill level 4 in Unarmed Combat
   745 | D:2      | Reached XP level 3. HP: 22/26 MP: 3/3
   805 | D:2      | XOM: polymorph bat -> gnoll
   900 | D:2      | Reached XP level 4. HP: 31/31 MP: 4/4
  1007 | D:2      | XOM is BORED!
  1007 | D:2      | XOM: give mutations
  1007 | D:2      | Gained mutation: You occasionally shout uncontrollably at your foes. [Xom's mischief]
  1007 | D:2      | Gained mutation: You are dopey. (Int -2) [Xom's mischief]
  1167 | D:2      | Reached skill level 5 in Unarmed Combat
  1313 | D:2      | Found a stormy altar of Qazlal.
  1402 | D:3      | XOM: stealth player
  1423 | D:3      | XOM: butterfly on damage
  1896 | D:3      | XOM: fake destruction
  1902 | D:3      | Reached XP level 5. HP: 15/36 MP: 5/5
  2154 | D:3      | Found a glowing golden altar of the Shining One.
  2154 | D:3      | Noticed an angel
  2155 | D:3      | Noticed Irenicus's ghost (amateur OpCK)
  2161 | D:3      | Found a runed door.
  2188 | D:3      | Noticed an ogre
  2273 | D:3      | Killed an ogre
  2273 | D:3      | Reached skill level 6 in Unarmed Combat
  2285 | D:3      | Found a snail-covered altar of Cheibriados.
  2308 | D:3      | Reached XP level 6. HP: 37/42 MP: 6/6
  2644 | D:3      | XOM: medium Pois miscast
  2802 | D:4      | Found a white marble altar of Elyvilon.
  2843 | D:4      | Noticed Edmund
  2855 | D:5      | Entered Level 5 of the Dungeon
  2866 | D:5      | XOM: 2-stop teleportation journey
  2874 | D:4      | Found a staircase to the Ecumenical Temple.
  2874 | D:4      | Noticed an orc warrior
  2937 | D:5      | XOM: noise
  2947 | D:5      | Reached skill level 7 in Unarmed Combat
  2950 | D:5      | HP: 1/63 [orc wizard/puff of flame (9)]
  2952 | D:5      | Lost mutation: You occasionally shout uncontrollably at your foes. [potion of mutation]
  2952 | D:5      | Gained mutation: You occasionally shout uncontrollably at your foes. [potion of mutation]
  2952 | D:5      | Gained mutation: You are surrounded by a mild repulsion field. (EV +2) [potion of mutation]
  2952 | D:5      | Gained mutation: You have an increased reservoir of magic. (+10% MP) [potion of mutation]
  2952 | D:5      | Gained mutation: You possess an exceptional clarity of mind. [potion of mutation]
  2954 | D:5      | XOM: confuse monster(s)
  2955 | D:5      | Killed from afar by an orc wizard

Skill      XL: |  1  2  3  4  5  6 |
---------------+-------------------+-----
Unarmed Combat | 4 5 6 7 |  7.0
Fighting       | |  3.0
Dodging        | |  2.3

Action                   |  1- 3 |  4- 6 || total
-------------------------+-------+-------++-------
Melee: Unarmed           |    40 |    82 ||   122
       Constrict         |     8 |    17 ||    25
       Tentacles         |     3 |    14 ||    17
       Punch             |       |     3 ||     3
Evoke: Wand              |       |     2 ||     2
  Use: Potion            |       |     5 ||     5
 Stab: Sleeping          |    10 |     4 ||    14
       Distracted        |       |     1 ||     1
       Confused          |       |     1 ||     1
  Eat: Bread ration      |       |     1 ||     1
       Chunk             |       |     1 ||     1
Armor: Skin              |     4 |    30 ||    34
Dodge: Dodged            |    16 |    42 ||    58
